 Dungeon Crawl Stone Soup version 0.31-a0-544-gceb718ecc6 (webtiles) character file.

Game seed: 11455094437752165939

22518 tilp the Covert (level 12, -10/77 HPs)
             Began as a Vampire Enchanter on Aug 15, 2023.
             Was a High Priest of Wu Jian.
             Mangled by a death yak (36 damage)
             ... in an ice cave.
             The game lasted 00:30:48 (13661 turns).

tilp the Covert (Vampire Enchanter)                Turns: 13661, Time: 00:30:49

Health: -10/77     AC:  9    Str:  7    XL:     12   Next: 63%
Magic:  20/22      EV: 15    Int: 28    God:    Wu Jian [*****.]
Gold:   1045       SH:  0    Dex: 15    Spells: 10/25 levels left

rFire   . . .        a - +3 dagger (chaos)
rCold   + + +        (no shield)
rNeg    + + +        o - +0 leather armour {rC+}
rPois   ∞            p - +2 helmet
rElec   .            (no cloak)
rCorr   .            (no gloves)
SInv    +            k - +2 pair of boots
Will    +....        (no amulet)
Stlth   +++++++      m - +6 ring of intelligence
HPRegen 0.00/turn    w - ring of poison resistance
MPRegen 0.18/turn

%: no passive effects
@: frozen, bloodless, inhibited regen, very slow
A: bloodless, fangs 3, see invisible, vampiric 2
a: Bat Form, Revivify, Renounce Religion, Wall Jump, Serpent's Lash, Heavenly
Storm


You were in an ice cave.
You worshipped Wu Jian.
Wu Jian was extremely pleased with you.
You visited 3 branches of the dungeon, and saw 14 of its levels.
You also visited: Ice Cave.

You collected 1365 gold pieces.
You spent 320 gold pieces at shops.

Inventory:

Hand Weapons
 a - a +3 dagger of chaos (weapon)
 b - a +2 dagger of venom
Missiles
 s - 5 boomerangs
 H - a throwing net
 Y - 2 javelins
Armour
 k - a +2 pair of boots (worn)
 o - a +0 leather armour of cold resistance (worn)
 p - a +2 helmet (worn)
 r - a +1 kite shield of cold resistance
Jewellery
 m - a +6 ring of intelligence (left hand)
 w - a ring of poison resistance (right hand)
 D - a ring of flight
 O - a ring of magical power
Wands
 e - a wand of charming (4)
 f - a wand of iceblast (3)
 n - a wand of digging (3)
 q - a wand of acid (13)
 y - a wand of polymorph (5)
 Z - a wand of flame (7)
Scrolls
 h - 10 scrolls of teleportation
 l - 5 scrolls of fog
 B - a scroll of amnesia
 R - a scroll of immolation
 T - a scroll of fear
 U - a scroll of blinking
 X - a scroll of torment
Potions
 c - 2 potions of invisibility
 g - a potion of curing
 i - 5 potions of lignification
 j - 2 potions of magic
 t - a potion of ambrosia
 u - a potion of attraction
 z - 2 potions of enlightenment
 F - 4 potions of heal wounds
 G - 4 potions of haste
 V - a potion of brilliance
Miscellaneous
 d - a phantom mirror (inert)


   Skills:
 * Level 10.1 Fighting
 - Level 10.0 Short Blades
 + Level 0.7 Armour
 + Level 8.1 Dodging
 + Level 12.1 Stealth
 + Level 7.1 Spellcasting
 + Level 4.0 Conjurations
 + Level 10.1 Hexes
 - Level 2.0 Ice Magic
 * Level 4.3 Evocations


You had 10 spell levels left.
You knew the following spells:

 Your Spells              Type           Power      Damage    Failure   Level
a - Ensorcelled Hibernat  Hex/Ice        88%        N/A       1%          2
b - Confusing Touch       Hex            61%        N/A       1%          3
c - Tukima's Dance        Hex            61%        N/A       1%          3
d - Dazzling Flash        Conj/Hex       98%        N/A       1%          3
e - Fulminant Prism       Conj/Hex       24%        3d12      4%          4

Your spell library contained the following spells:

 Spells                   Type           Power      Damage    Failure   Level
 Magic Dart               Conj           100%       1d8       1%          1
 Searing Ray              Conj           64%        2d6       2%          2
 Inner Flame              Hex/Fire       38%        N/A       3%          3
 Summon Guardian Golem    Hex/Summ       38%        N/A       3%          3
 Apportation              Tloc           18%        N/A       8%          1
 Necrotise                Necr           36%        1d5       8%          1
 Summon Small Mammal      Summ           36%        N/A       8%          1
 Call Canine Familiar     Summ           9%         N/A       24%         3
 Gell's Gravitas          Tloc           9%         N/A       24%         3
 Teleport Other           Tloc           9%         N/A       24%         3
 Vhi's Electric Charge    Tloc/Air       18%        N/A       24%         3
 Flame Wave               Conj/Fire      21%        2d8       34%         4
 Sticky Flame             Conj/Fire      21%        2d4       34%         4
 Arcjolt                  Conj/Air       10%        1d20      67%         5
 Dispersal                Tloc           4%         N/A       100%        6
 Lehudib's Crystal Spear  Conj/Erth      10%        10d4      100%        8
 Maxwell's Capacitive Co  Air            4%         ∞         100%        8


Dungeon Overview and Level Annotations

Branches:
Dungeon (11/15)            Temple (1/1) D:5            Lair (2/5) D:9
 Shoals (0/4) Lair:2        Snake (0/4) Lair:2          Orc (0/2) D:11
  IceCv (1/1)

Altars:
Ashenzari
Cheibriados
Dithmenos
Fedhas
Gozag
Hepliaklqana
Kikubaaqudgha
Makhleb
Nemelex Xobeh
Okawaru
Qazlal
Ru
Sif Muna
Trog
Uskayaw
Vehumet
Wu Jian
Xom
Yredelemnul
Lugonu

Shops:
D:10 *

Annotations:
D:7 1 transporter


Innate Abilities, Weirdness & Mutations

You do not regenerate when monsters are visible.
You are frail without blood (-20% HP).
You can heal yourself when you bite living creatures.
You are immune to poison.
You have razor-sharp teeth.
You have supernaturally acute eyesight. (SInv)
You are afflicted with vampirism and can become a bat while bloodless.


Message History

The death yak gores you!! The death yak barely misses you.
Unknown command.
Unknown command.
Unknown command.
Unknown command.
Unknown command.
Unknown command.
Aiming: Phantom Mirror
Press: ? - help, Dir - move target, f/p - ironbound frostheart
Aim: an ironbound frostheart, wearing a +0 scale mail (lightly wounded, covered in acid)
You reflect the ironbound frostheart with the mirror!
The mirror clouds!
The death yak misses you.
The ironbound frostheart calls freezing cold from the walls.
The frost grips you. You resist.
The frost grips your ironbound frostheart!
Your ironbound frostheart resists.
Your ironbound frostheart touches the ironbound frostheart.
Your ironbound frostheart freezes the ironbound frostheart!
The ironbound frostheart resists.
Unknown command.
Unknown command.
Unknown command.
You hit the death yak but do no damage.
The death yak is poisoned.
The death yak is heavily wounded.
The death yak gores you!!!
Ouch! That really hurt!
* * * LOW HITPOINT WARNING * * *
You hear a bellow!
Unknown command.
You feel much better. The ice encasing you melts away.
Your ironbound frostheart closely misses the ironbound frostheart.
The ironbound frostheart calls freezing cold from the walls.
The frost grips you. You resist.
* * * LOW HITPOINT WARNING * * *
You are encased in ice.
The frost grips your ironbound frostheart!
Your ironbound frostheart resists.
The death yak gores you!!!
You die... .§...# #h.... ...... #YhhY#

# ##.h.# # ##..#
########..## .##≈≈≈###.####
##≈≈≈≈≈≈#.hhp### ###
#≈≈≈≈≈≈≈≈#.##p†#####.###
#≈≈≈≈≈≈≈≈≈..#.#Y@##.#..###
#≈≈≈≈≈≈≈##.######..####..#
#≈≈≈≈≈≈≈### ####### #..###
##~~≈≈≈≈≈####...### ##...##
##~~~######....#...###..⌠..#
#~~##..##.....####..###...##
†######......## ##..÷...##
## ######## ########


You could see a death yak (berserk, blind, very poisoned), an ironbound
frostheart (corroded, ally target), 2 polar bears and a friendly ironbound
frostheart (summoned, corroded, drained).

Vanquished Creatures
  A two-headed ogre (D:9)
  4 death yaks (IceCv)
  5 elephants (Lair:1)
  A black mamba (Lair:1)
  An ice statue (IceCv)
  2 gargoyles (D:10)
  An unseen horror (D:11)
  A cane toad (Lair:1)
  Psyche (D:8)
  2 komodo dragons (Lair:1)
  A rime drake (Lair:1)
  A merfolk (D:9)
  5 polar bears (IceCv)
  Prince Ribbit (D:5)
  A wyvern (D:8)
  A shadow (D:11)
  41 yaks
  2 wraiths (D:11)
  2 basilisks (Lair:1)
  Grum (D:8)
  Edmund (D:5)
  7 water moccasins
  2 orc warriors
  Duvessa (D:5)
  2 ice beasts (D:6)
  A black bear (Lair:1)
  4 centaurs
  25 wolves
  5 kobold brigands
  7 bullfrogs
  A cane toad simulacrum (Lair:2)
  2 scorpions (D:5)
  A gnoll sergeant (D:8)
  3 wights (D:8)
  Dowan (D:5)
  11 killer bees
  4 howler monkeys
  3 hounds
  4 orc priests
  A gnoll bouda (D:9)
  2 jellies
  4 iguanas
  Ijyb (D:3)
  2 sleepcaps (D:5)
  6 orc wizards
  A polar bear simulacrum (Lair:2)
  The ghost of Karim the Covert, a weakling GnDe (D:4)
  Robin (D:3)
  16 gnolls
  14 adders
  A white imp (D:6)
  A worm (D:4)
  A dart slug (D:4)
  30 orcs
  4 ball pythons (D:3)
  16 endoplasms
  4 giant cockroaches
  14 goblins
  7 hobgoblins
  8 jackals
  4 quokkas
  3 bats
  4 frilled lizards
  36 kobolds
  3 rats
345 creatures vanquished.

Vanquished Creatures (collateral kills)
  A gnoll sergeant (D:8)
  3 wights (D:8)
4 creatures vanquished.

Vanquished Creatures (others)
  A dancing weapon (D:10)
  A goblin (D:3)
  2 fulminant prisms (D:10)
4 creatures vanquished.

Grand Total: 353 creatures vanquished

Notes
Turn   | Place    | Note
-------+----------+-------------------------------------------
     0 | D:1      | tilp the Vampire Enchanter began the quest for the Orb.
     0 | D:1      | Reached XP level 1. HP: 13/13 MP: 3/3
   164 | D:1      | Reached XP level 2. HP: 20/20 MP: 5/5
   167 | D:1      | Learned a level 2 spell: Ensorcelled Hibernation
   406 | D:1      | Reached skill level 1 in Fighting
   673 | D:1      | Gained mutation: You are afflicted with vampirism and can
                  | become a bat while bloodless. [Vampire growth]
   673 | D:1      | Reached XP level 3. HP: 26/26 MP: 6/6
   677 | D:1      | Learned a level 3 spell: Confusing Touch
  1318 | D:1      | Reached XP level 4. HP: 9/32 MP: 1/7
  1847 | D:2      | Reached skill level 5 in Stealth
  2146 | D:3      | Reached skill level 5 in Hexes
  2146 | D:3      | Reached XP level 5. HP: 37/38 MP: 5/8
  2185 | D:3      | Learned a level 3 spell: Tukima's Dance
  2524 | D:3      | Noticed Robin
  2602 | D:3      | Killed Robin
  2698 | D:3      | Noticed Ijyb
  2719 | D:3      | Killed Ijyb
  2720 | D:3      | Reached XP level 6. HP: 44/46 MP: 1/9
  3865 | D:4      | Found a runed translucent door.
  3928 | D:4      | Noticed Karim's ghost (weakling GnDe)
  4181 | D:4      | Killed Karim's ghost
  4265 | D:5      | Entered Level 5 of the Dungeon
  4265 | D:5      | Noticed Prince Ribbit
  4272 | D:5      | Killed Prince Ribbit
  4273 | D:5      | Reached skill level 6 in Stealth
  4273 | D:5      | Reached skill level 1 in Evocations
  4273 | D:5      | Reached XP level 7. HP: 52/52 MP: 8/11
  4300 | D:4      | Learned a level 3 spell: Dazzling Flash
  4433 | D:5      | Noticed Dowan
  4555 | D:5      | Found a staircase to the Ecumenical Temple.
  4566 | Temple   | Entered the Ecumenical Temple
  4579 | Temple   | Became a worshipper of the Wu Jian Council
  4840 | D:5      | Noticed Duvessa
  4868 | D:5      | Killed Duvessa
  4869 | D:5      | Reached skill level 5 in Short Blades
  4869 | D:5      | Reached XP level 8. HP: 60/60 MP: 7/13
  4872 | D:5      | Killed Dowan
  4982 | D:5      | Noticed Edmund
  5091 | D:5      | Killed Edmund
  5092 | D:5      | Reached skill level 7 in Stealth
  6036 | D:7      | Identified the +1 scale mail of Vyith {rPois}
  6234 | D:7      | Noticed a red ugly thing
  6235 | D:7      | Found a corrupted altar of Lugonu.
  6262 | D:7      | Reached * piety under Wu Jian
  6380 | D:7      | Identified the +0 quarterstaff "Finkiob" {freeze, Str+4}
  6387 | D:7      | Reached skill level 5 in Fighting
  6486 | D:7      | Found a transporter.
  6490 | D:7      | Noticed a brown ugly thing
  6492 | D:7      | Noticed a small abomination
  6603 | D:7      | Learned a level 4 spell: Fulminant Prism
  6659 | D:8      | Noticed Grum
  6683 | D:8      | Killed Grum
  6684 | D:8      | Reached skill level 8 in Stealth
  6684 | D:8      | Reached XP level 9. HP: 51/68 MP: 3/15
  7237 | D:8      | Noticed Psyche
  7253 | D:8      | Killed Psyche
  7499 | D:8      | Reached skill level 9 in Stealth
  7499 | D:8      | Reached skill level 5 in Spellcasting
  7695 | D:8      | Reached ** piety under Wu Jian
  7992 | D:9      | Reached skill level 10 in Stealth
  8138 | D:9      | Noticed a merfolk
  8142 | D:9      | Killed a merfolk
  8143 | D:9      | Reached XP level 10. HP: 76/76 MP: 12/17
  8181 | D:9      | Noticed a two-headed ogre
  8187 | D:9      | Killed a two-headed ogre
  8188 | D:9      | Reached skill level 10 in Short Blades
  8358 | D:9      | Found a staircase to the Lair.
  8412 | D:9      | Reached skill level 1 in Conjurations
  8412 | D:9      | Reached skill level 1 in Ice Magic
  8614 | D:9      | Reached skill level 5 in Dodging
  8807 | D:9      | Found a sparkling altar of Nemelex Xobeh.
  8807 | D:9      | Found a burning altar of Makhleb.
  8884 | D:10     | Entered Level 10 of the Dungeon
  8884 | D:10     | Noticed a gargoyle
  8890 | D:10     | Killed a gargoyle
  9080 | D:10     | Reached XP level 11. HP: 35/83 MP: 0/19
  9259 | D:10     | Reached *** piety under Wu Jian
  9912 | D:10     | Found Eveutuit's Serpentskin Sales.
  9994 | D:11     | Reached skill level 11 in Stealth
 10740 | D:11     | Found a staircase to the Orcish Mines.
 10935 | D:10     | Bought a ring of poison resistance for 320 gold pieces
 10963 | Lair:1   | Entered Level 1 of the Lair of Beasts
 11093 | Lair:1   | Reached **** piety under Wu Jian
 12190 | Lair:2   | Found a frozen archway.
 12233 | IceCv    | Entered an ice cave
 12238 | IceCv    | Reached skill level 10 in Hexes
 12238 | IceCv    | Reached XP level 12. HP: 92/92 MP: 21/21
 12278 | IceCv    | Reached skill level 12 in Stealth
 12701 | IceCv    | Reached ***** piety under Wu Jian
 13137 | IceCv    | Noticed a death yak
 13156 | IceCv    | Noticed a death yak
 13159 | IceCv    | Killed a death yak
 13187 | IceCv    | Killed a death yak
 13188 | IceCv    | Reached skill level 10 in Fighting
 13315 | IceCv    | Noticed a death yak
 13318 | IceCv    | Noticed a death yak
 13328 | IceCv    | Killed a death yak
 13348 | IceCv    | Killed a death yak
 13611 | IceCv    | Got the Tome of Bombardment
 13635 | IceCv    | Noticed a death yak
 13636 | IceCv    | Noticed an ironbound frostheart
 13636 | IceCv    | Noticed an ironbound frostheart
 13636 | IceCv    | Noticed a death yak
 13637 | IceCv    | Noticed a death yak
 13660 | IceCv    | HP: 2/77 [death yak (40)]
 13661 | IceCv    | Mangled by a death yak

Illustrated notes

Levels and vault maps discovered:
D:1:      nicolae_arrival_somewhat_less_tricky_arrival, layout_loops_cross,
          roderic_roman_lattice, nicolae_the_louvre
D:2:      layout_rooms
D:3:      layout_basic, uniq_ijyb, uniq_robin
D:4:      cheibrodos_fertilizer, layout_loops_ring, ebering_ghost_sewer_d
D:5:      layout_rooms, minmay_temple_entry_trees, uniq_prince_ribbit1,
          uniq_edmund, uniq_duvessa
D:6:      wander_river, layout_cave_pools
D:7:      gammafunk_corrupted_shrine, layout_loops_ring
D:8:      layout_gridville, kennysheep_potato, uniq_grum, uniq_psyche
D:9:      layout_rooms, chequers_temple_overflow_statue_of_worship,
          lair_entry_dummy, hangedman_fish_farm
D:10:     layout_cave_pools, guppyfry_shop_venom
D:11:     layout_irregular_city, hiddenorc1_lemuel, minmay_misc_feat_ornament,
          nicolae_straight_to_the_point
Temple:   hellmonk_temple_of_storms
Lair:1:   layout_hall_layers, grunt_megastairs_2
Lair:2:   layout_chaotic_city, minmay_shoals_entry_lonely_mermaid,
          nicolae_snake_entry_warm_welcome, portal_ice_cave_entry_ice_simulacra
IceCv:    ice_cave_caverns_02

Skill      XL: |  1  2  3  4  5  6  7  8  9 10 11 12 |
---------------+-------------------------------------+-----
Fighting       | 1 2 3 4 5 6 8 10 | 10.1
Short Blades   | 2 3 4 5 6 9 10 | 10.0
Stealth        | 5 6 8 10 11 12 | 12.1
Hexes          | 5 6 7 8 10 | 10.1
Dodging        | 3 4 5 7 8 |  8.1
Spellcasting   | 3 4 5 6 7 |  7.1
Evocations     | 1 2 4 |  4.3
Conjurations   | 2 4 |  4.0
Ice Magic      | 2 |  2.0
Armour         | |  0.7

Action                     |  1- 3 |  4- 6 |  7- 9 | 10-12 || total
---------------------------+-------+-------+-------+-------++-------
  Melee: Dagger            |   120 |   192 |   287 |   468 ||  1067
         Bite              |    14 |    16 |    39 |    61 ||   130
         Punch             |     1 |       |     6 |     5 ||    12
  Throw: Stone             |       |     1 |       |       ||     1
         Dart              |       |       |       |     1 ||     1
   Cast: Ensorcelled Hiber |    11 |    30 |    54 |   122 ||   217
         Tukima's Dance    |       |     1 |     8 |     4 ||    13
         Confusing Touch   |       |     2 |     6 |    11 ||    19
         Dazzling Flash    |       |       |     5 |    23 ||    28
         Fulminant Prism   |       |       |       |     2 ||     2
Ability: Lunge             |       |       |    23 |    24 ||    47
         Whirlwind         |       |       |     7 |    13 ||    20
         Exsanguinate      |       |       |       |     1 ||     1
  Evoke: Wand              |       |     3 |       |     4 ||     7
         Phantom mirror    |       |       |       |     1 ||     1
    Use: Scroll            |     6 |     5 |     9 |     7 ||    27
         Potion            |     1 |     1 |       |     4 ||     6
   Stab: Sleeping          |    10 |    26 |    37 |    84 ||   157
         Invisible         |     1 |       |    10 |    31 ||    42
         Confused          |       |     2 |     5 |    12 ||    19
         Distracted        |       |     1 |       |     2 ||     3
 Armour: Robe              |    14 |    20 |       |       ||    34
         Leather armour    |       |    23 |    89 |   117 ||   229
  Dodge: Dodged            |    77 |    89 |   133 |   304 ||   603

Table legend: (Time is in decaauts)
 A = Elapsed time spent in this place.
 B = Non-inter-level travel time spent in this place.
 C = Inter-level travel time spent in this place.
 D = Time resting spent in this place.
 E = Time spent auto-exploring this place.
 F = Levels seen in this place.
 G = Mean time per level.
                   A        B        C        D        E       F      G
               +--------+--------+--------+--------+--------+-----+--------+
         Total |  13347 |  12881 |    466 |   2298 |   7862 |  15 |  889.8 |
       Dungeon |  10724 |  10304 |    420 |   1123 |   7095 |  11 |  974.9 |
        Temple |     26 |      1 |     25 |      0 |      0 |   1 |   26.0 |
          Lair |   1236 |   1216 |     20 |    267 |    655 |   2 |  618.0 |
      Ice Cave |   1359 |   1359 |      0 |    908 |    111 |   1 | 1359.0 |
               +--------+--------+--------+--------+--------+-----+--------+

Top non-repeatable levels by time:
     D:8: 1380 daAuts
   IceCv: 1359 daAuts
     D:3: 1215 daAuts
  Lair:1: 1121 daAuts
    D:10: 1077 daAuts
     D:4: 1074 daAuts
     D:2: 1018 daAuts
     D:1: 995 daAuts
    D:11: 897 daAuts
     D:6: 871 daAuts
     D:9: 828 daAuts
     D:5: 771 daAuts
     D:7: 595 daAuts
  Lair:2: 115 daAuts
  Temple: 26 daAuts
